 Dungeon Crawl Stone Soup version 0.27-a0-1548-gf8a67e7463 (webtiles) character file.

Game seed: 10770575783316774219

172 Snikeer the Chiller (level 5, -1/37 HPs)
             Began as a Gnoll Ice Elementalist on July 13, 2021.
             Was an Initiate of Ashenzari.
             Slain by a hornet zombie (4 damage)
             ... on level 3 of the Dungeon.
             The game lasted 00:05:35 (3835 turns).

Snikeer the Chiller (Gnoll Ice Elementalist)        Turns: 3835, Time: 00:05:35

Health: -1/37      AC: 10    Str:  7    XL:     5   Next: 53%
Magic:  7/12       EV: 13    Int: 22    God:    Ashenzari [......]
Gold:   62         SH:  0    Dex: 12    Spells: 7/14 levels left

rFire    . . .     SeeInvis .   q - +1 dagger (elec)
rCold    . . .     Faith    .   (no shield)
rNeg     . . .     Spirit   .   a - +0 robe
rPois    .         Reflect  .   (no helmet)
rElec    .         Harm     .   (no cloak)
rCorr    .         Rampage  .   (no gloves)
Will     +....                  (no boots)
Stlth    +++.......             (no amulet)
HPRegen  0.12/turn              W - ring of willpower
MPRegen  0.13/turn              I - +6 ring of intelligence

@: ice-armoured, freezing walls
A: fangs 1, strong nose, distributed training
a: Renounce Religion


You were on level 3 of the Dungeon.
You worshipped Ashenzari.
Ashenzari was noncommittal.
You visited 1 branch of the dungeon, and saw 3 of its levels.

You collected 62 gold pieces.

Inventory:

Hand Weapons
 q - a +1 dagger of electrocution (weapon)
   (You took it off an orc wizard on level 3 of the Dungeon)
Missiles
 l - 16 poisoned darts
 n - 9 boomerangs
 r - 16 arrows
 s - 22 stones (quivered)
Armour
 a - a +0 robe (worn)
Jewellery
 I - a +6 ring of intelligence (right hand)
   (You found it on level 3 of the Dungeon)
 W - a ring of willpower (left hand)
   (You found it on level 1 of the Dungeon)
Scrolls
 b - a scroll of amnesia
 c - a scroll of enchant weapon
 D - a scroll of blinking {!r}
 K - a scroll of immolation {!r}
 V - a scroll of vulnerability {!r!r}
 Y - 3 scrolls of teleportation {@r3}
Potions
 G - a potion of ambrosia {!q}
 H - a potion of haste
 J - a potion of curing {@q1}
 L - 2 potions of flight
 N - 3 potions of heal wounds {@q2}
 U - a potion of mutation {!q}


   Skills:
 + Level 1.5 Fighting
 + Level 1.5 Short Blades
 + Level 1.5 Long Blades
 + Level 1.5 Axes
 + Level 1.5 Maces & Flails
 + Level 1.5 Polearms
 + Level 1.5 Staves
 + Level 1.5 Slings
 + Level 1.5 Bows
 + Level 1.5 Crossbows
 + Level 1.5 Throwing
 + Level 1.5 Armour
 + Level 4.8 Dodging
 + Level 4.4 Stealth
 + Level 1.5 Shields
 + Level 1.5 Unarmed Combat
 + Level 5.2 Spellcasting
 + Level 1.2 Conjurations
 + Level 1.2 Hexes
 + Level 1.2 Summonings
 + Level 1.2 Necromancy
 + Level 1.2 Translocations
 + Level 1.2 Transmutations
 + Level 1.2 Fire Magic
 + Level 7.2 Ice Magic
 + Level 1.2 Air Magic
 + Level 1.2 Earth Magic
 + Level 1.2 Poison Magic
 + Level 1.7 Invocations
 + Level 1.5 Evocations


You had 7 spell levels left.
You knew the following spells:

 Your Spells              Type           Power      Damage    Failure   Level
a - Freeze                Ice            100%       1d11      1%          1
b - Frozen Ramparts       Ice            74%        1d9       1%          3
A - Ozocubu's Armour      Ice            37%        N/A       1%          3

Your spell library contained the following spells:

 Spells                   Type           Power      Damage    Failure   Level
 Hailstorm                Conj/Ice       24%        3d7       17%         4
 Blade Hands              Tmut           5%         N/A       86%         5
 Irradiate                Conj/Tmut      5%         3d15      86%         5
 Dragon Form              Tmut           5%         N/A       100%        7


Dungeon Overview and Level Annotations

Branches:
Dungeon (3/15)

Altars:
Ashenzari
Fedhas
Sif Muna


Innate Abilities, Weirdness & Mutations

You have very sharp teeth.
Your uncanny sense of smell can sniff out nearby items.
Your experience applies equally to all skills.


Message History

You see here a +0 dagger of venom.
A worm comes into view.
A worm is nearby!
The helpless worm fails to defend itself.
You puncture the worm! You hit the worm. The worm bites you.
You take 3 damage, and have 34/37 hp.
You hit the worm. You hit the worm but do no damage. The worm bites you.
You take 1 damage, and have 34/37 hp.
You hit the worm but do no damage. The worm misses you.
You hit the worm.
No target in view!
No target in view!
You feel clever.
I - a +6 ring of intelligence (right hand)
Okay, then.
Drop what? 22/52 slots (_ for help) (? for menu, Esc to quit)
You drop a scroll of noise {!r}.
You drop 3 scrolls of identify {@r1}.
Drop what? 20/52 slots (_ for help) (? for menu, Esc to quit)
Okay, then.
Unknown command.
You see here a worm corpse.
An adder and a zombie come into view.
Health restored: 37
There are monsters nearby!
There are monsters nearby!
You hit the hornet zombie but do no damage.
Lightning courses through the hornet zombie!
The hornet zombie hits you!
You take 10 damage, and have 27/37 hp.
MASSIVE DAMAGE!!
You hit the hornet zombie but do no damage.
You bite the hornet zombie, but do no damage.
You closely miss the adder. The adder closely misses you.
Casting: Ozocubu's Armour (safe; 1% risk of failure)
Confirm with . or Enter, or press ? or * to list all spells.
The walls around you are covered in ice.
The hornet zombie resists.
The wall freezes the hornet zombie.
The wall freezes the adder.
The adder bites you.
The hornet zombie resists.
The wall freezes the hornet zombie.
You take 1 damage, and have 26/37 hp.
You now have 9/12 mp.
Casting: Frozen Ramparts (safe; 1% risk of failure)
Confirm with . or Enter, or press ? or * to list all spells.
A film of ice covers your body!
The wall freezes the adder but does no damage.
The adder misses you.
The hornet zombie resists.
The wall freezes the hornet zombie.
The wall freezes the adder!
The adder seems to slow down.
The adder barely misses you.
You now have 6/12 mp.
You hit the adder but do no damage.
The hornet zombie completely resists.
The wall freezes the hornet zombie but does no damage.
You hit the adder.
The hornet zombie completely resists.
The wall freezes the hornet zombie but does no damage.
You closely miss the hornet zombie.
The hornet zombie resists.
The wall freezes the hornet zombie.
The hornet zombie hits you but does no damage.
The hornet zombie completely resists.
The wall freezes the hornet zombie but does no damage.
The hornet zombie hits you!
You take 11 damage, and have 15/37 hp.
MASSIVE DAMAGE!!
You are too injured to fight recklessly!
You are too injured to fight recklessly!
You are too injured to fight recklessly!
You are too injured to fight recklessly!
You are too injured to fight recklessly!
You hit the hornet zombie. You punch the hornet zombie.
Your bite misses the hornet zombie.
The hornet zombie resists.
The wall freezes the hornet zombie.
The hornet zombie hits you.
You take 1 damage, and have 14/37 hp.
You hit the hornet zombie.
The hornet zombie completely resists.
The wall freezes the hornet zombie but does no damage.
The hornet zombie hits you.
You take 2 damage, and have 12/37 hp.
You hit the hornet zombie but do no damage.
The hornet zombie completely resists.
The wall freezes the hornet zombie but does no damage.
The hornet zombie closely misses you.
You hit the hornet zombie but do no damage.
The hornet zombie resists.
The wall freezes the hornet zombie.
The hornet zombie barely misses you.
You hit the hornet zombie but do no damage.
Lightning courses through the hornet zombie!
The hornet zombie completely resists.
The wall freezes the hornet zombie but does no damage.
The hornet zombie barely misses you.
The hornet zombie completely resists.
The wall freezes the hornet zombie but does no damage.
The hornet zombie hits you but does no damage.
You hit the hornet zombie.
You bite the hornet zombie, but do no damage.
The hornet zombie completely resists.
The wall freezes the hornet zombie but does no damage.
The hornet zombie hits you!
* * * LOW HITPOINT WARNING * * *
You take 9 damage, and have 3/37 hp.
MASSIVE DAMAGE!!
You hit the hornet zombie but do no damage.
The hornet zombie completely resists.
The wall freezes the hornet zombie but does no damage.
The hornet zombie hits you.
You die...

##########
#.@Z.....#
#.######.# #.# #.#
#.# #### #.# ...###
#.#
##...##########†#
##.#....#..)÷.#?###


You could see a hornet zombie.

Vanquished Creatures
  An orc priest (D:3)
  An orc wizard (D:3)
  2 adders
  A dart slug (D:1)
  2 worms
  7 orcs (D:3)
  5 bats
  7 endoplasms
  4 giant cockroaches
  6 goblins
  6 hobgoblins
  13 jackals (D:3)
  2 quokkas
  10 ball pythons
  A frilled lizard (D:3)
  4 kobolds
  5 rats
77 creatures vanquished.

Notes
Turn   | Place    | Note
-------+----------+-------------------------------------------
     0 | D:1      | Snikeer the Gnoll Ice Elementalist began the quest for the
                  | Orb.
     0 | D:1      | Reached XP level 1. HP: 13/13 MP: 6/6
   411 | D:1      | Reached XP level 2. HP: 19/19 MP: 7/7
  1537 | D:2      | Reached XP level 3. HP: 14/25 MP: 6/9
  1541 | D:2      | Learned a level 3 spell: Frozen Ramparts
  1545 | D:2      | Learned a level 3 spell: Ozocubu's Armour
  1681 | D:2      | Reached skill level 5 in Spellcasting
  2036 | D:2      | Reached skill level 1 in Invocations
  2332 | D:2      | Reached skill level 1 in Fighting
  2332 | D:2      | Reached skill level 1 in Short Blades
  2332 | D:2      | Reached skill level 1 in Long Blades
  2332 | D:2      | Reached skill level 1 in Axes
  2332 | D:2      | Reached skill level 1 in Maces & Flails
  2332 | D:2      | Reached skill level 1 in Polearms
  2332 | D:2      | Reached skill level 1 in Staves
  2332 | D:2      | Reached skill level 1 in Slings
  2332 | D:2      | Reached skill level 1 in Bows
  2332 | D:2      | Reached skill level 1 in Crossbows
  2332 | D:2      | Reached skill level 1 in Throwing
  2332 | D:2      | Reached skill level 1 in Armour
  2332 | D:2      | Reached skill level 1 in Shields
  2332 | D:2      | Reached skill level 1 in Unarmed Combat
  2332 | D:2      | Reached skill level 1 in Evocations
  2674 | D:3      | Reached XP level 4. HP: 15/32 MP: 7/11
  2682 | D:3      | Reached skill level 1 in Conjurations
  2682 | D:3      | Reached skill level 1 in Hexes
  2682 | D:3      | Reached skill level 1 in Summonings
  2682 | D:3      | Reached skill level 1 in Necromancy
  2682 | D:3      | Reached skill level 1 in Translocations
  2682 | D:3      | Reached skill level 1 in Transmutations
  2682 | D:3      | Reached skill level 1 in Fire Magic
  2682 | D:3      | Reached skill level 1 in Air Magic
  2682 | D:3      | Reached skill level 1 in Earth Magic
  2682 | D:3      | Reached skill level 1 in Poison Magic
  2752 | D:3      | Reached XP level 5. HP: 13/37 MP: 1/12
  3432 | D:3      | Found a broken altar of Ashenzari.
  3434 | D:3      | Found a blossoming altar of Fedhas.
  3436 | D:3      | Found a shimmering blue altar of Sif Muna.
  3453 | D:3      | Became a worshipper of Ashenzari the Shackled
  3834 | D:3      | HP: 3/37 [hornet zombie (9)]
  3835 | D:3      | Slain by a hornet zombie

Illustrated notes

Levels and vault maps discovered:
D:1:      matt_arrival_grand_opening, layout_basic
D:2:      layout_loops_corners, kennysheep_generic_room_12
D:3:      minmay_angry_zag, layout_basic, grunt_temple_overflow_open,
          minmay_liquid_box

Skill      XL: |  1  2  3  4 |
---------------+-------------+-----
Spellcasting   | 5 |  5.2
Invocations    | 1 |  1.7
Fighting       | 1 |  1.5
Short Blades   | 1 |  1.5
Long Blades    | 1 |  1.5
Axes           | 1 |  1.5
Maces & Flails | 1 |  1.5
Polearms       | 1 |  1.5
Staves         | 1 |  1.5
Slings         | 1 |  1.5
Bows           | 1 |  1.5
Crossbows      | 1 |  1.5
Throwing       | 1 |  1.5
Armour         | 1 |  1.5
Shields        | 1 |  1.5
Unarmed Combat | 1 |  1.5
Evocations     | 1 |  1.5
Conjurations   | 1 |  1.2
Hexes          | 1 |  1.2
Summonings     | 1 |  1.2
Necromancy     | 1 |  1.2
Translocations | 1 |  1.2
Transmutations | 1 |  1.2
Fire Magic     | 1 |  1.2
Air Magic      | 1 |  1.2
Earth Magic    | 1 |  1.2
Poison Magic   | 1 |  1.2
Dodging        | |  4.8
Stealth        | |  4.4
Ice Magic      | |  7.2

Action                   |  1- 3 |  4- 6 || total
-------------------------+-------+-------++-------
Melee: Dagger            |    69 |    76 ||   145
       Unarmed           |     7 |       ||     7
       Bite              |       |     6 ||     6
       Punch             |       |     1 ||     1
 Cast: Freeze            |    18 |     1 ||    19
       Frozen Ramparts   |     1 |     7 ||     8
       Ozocubu's Armour  |       |     5 ||     5
 Stab: Sleeping          |    17 |     4 ||    21
Armor: Robe              |    12 |    18 ||    30
Dodge: Dodged            |    38 |    53 ||    91

Table legend: (Time is in decaauts)
 A = Elapsed time spent in this place.
 B = Non-inter-level travel time spent in this place.
 C = Inter-level travel time spent in this place.
 D = Time resting spent in this place.
 E = Time spent auto-exploring this place.
 F = Levels seen in this place.
 G = Mean time per level.
                   A        B        C        D        E       F      G
               +--------+--------+--------+--------+--------+-----+--------+
         Total |   3826 |   3741 |     85 |      0 |   3191 |   3 | 1275.3 |
       Dungeon |   3826 |   3741 |     85 |      0 |   3191 |   3 | 1275.3 |
               +--------+--------+--------+--------+--------+-----+--------+

Top non-repeatable levels by time:
     D:2: 1430 daAuts
     D:1: 1223 daAuts
     D:3: 1171 daAuts

Table legend:
 A = Kills in this place as a percentage of kills in entire the game.
 B = Kills by you in this place as a percentage of kills by you in the entire game.
 C = Kills by friends in this place as a percentage of kills by friends in the entire game.
 D = Other kills in this place as a percentage of other kills in the entire game.
 E = Experience gained in this place as a percentage of experience gained in the entire game.
 F = Experience gained in this place divided by the number of levels of this place that you have seen.
                   A       B       C       D       E      F
               +-------+-------+-------+-------+-------+----------------------
         Total | 100.0 | 100.0 |   N/A |   N/A | 100.0 |  82.3
       Dungeon | 100.0 | 100.0 |   N/A |   N/A | 100.0 |  82.3
               +-------+-------+-------+-------+-------+----------------------
